 Dungeon Crawl Stone Soup version 0.23-a0-681-g26ad783 (webtiles) character file.

1797 Lanoc the Carver (level 8, 0/73 HPs)
             Began as a Minotaur Chaos Knight on Jan 10, 2019.
             Was a Plaything of Xom.
             Slain by an orc warrior
             ... wielding a +0 war axe
              (6 damage)
             ... in a bailey.
             The game lasted 00:14:03 (5890 turns).

Lanoc the Carver (Minotaur Chaos Knight)            Turns: 5890, Time: 00:14:03

Health: 0/73       AC:  7    Str: 20    XL:     8   Next: 83%
Magic:  7/7        EV: 14    Int:  9    God:    Xom [.....*]
Gold:   359        SH:  0    Dex:  9    Spells: 7/7 levels left

rFire    . . .     SeeInvis .   a - +2 falchion (chaos)
rCold    . . .     Gourm    .   (no shield)
rNeg     . . .     Faith    .   b - +2 leather armour
rPois    .         Spirit   .   (helmet restricted)
rElec    .         Reflect  .   (no cloak)
rCorr    .         Harm     .   (no gloves)
MR       .....                  (no boots)
Stlth    ++........             (no amulet)
HPRegen  0.22/turn              f - ring of stealth
MPRegen  0.10/turn              u - ring of flight

@: no status effects
A: retaliatory headbutt, horns 2, iridescent scales 1
a: Renounce Religion, Evoke Flight


You were in a bailey.
You worshipped Xom.
You were Xom's teddy bear.
You were hungry.

You visited 2 branches of the dungeon, and saw 8 of its levels.
You also visited: Bailey.

You collected 359 gold pieces.

Inventory:

Hand Weapons
 a - a +2 falchion of chaos (weapon)
Armour
 b - a +2 leather armour (worn)
 p - the cursed +0 scale mail "Ohacoem" {rC++, unknown}
   (You found it in a bailey)

   It greatly protects you from cold.
   It has a curse placed upon it.
Jewellery
 f - a ring of stealth (left hand)
 l - an uncursed ring of wizardry
 u - a ring of flight (right hand)
Wands
 t - a wand of polymorph (11)
 v - a wand of random effects (19)
 x - a wand of flame (11)
Scrolls
 e - 2 scrolls of amnesia
 h - 6 scrolls of teleportation
 i - a scroll of enchant armour
 j - 2 scrolls of blinking
 k - 3 scrolls of fear
 m - 3 scrolls of remove curse
 r - a scroll of noise
Potions
 d - 2 potions of lignification
 g - 3 potions of brilliance
 q - 3 potions of flight
 w - a potion of magic
Comestibles
 c - 8 rations


   Skills:
 + Level 7.1 Fighting
 * Level 9.4 Long Blades
 + Level 6.5 Armour
 + Level 5.6 Dodging


You had 7 spell levels left.
You didn't know any spells.
Your spell library was empty.

Dungeon Overview and Level Annotations

Branches:
Dungeon (7/15)             Temple (1/1) D:4

Altars:
Ashenzari
Cheibriados
Dithmenos
Elyvilon
Fedhas
Hepliaklqana
Kikubaaqudgha
Makhleb
Nemelex Xobeh
Okawaru
Qazlal
Ru
Trog
Uskayaw
Vehumet
Wu Jian
Xom
Yredelemnul
Zin
The Shining One

Shops:
D:7 *


Innate Abilities, Weirdness & Mutations

You reflexively headbutt those who attack you in melee.
You have a pair of horns on your head.
You are partially covered in iridescent scales. (AC +2)


Message History

You closely miss the orc warrior. You headbutt the orc warrior!
The orc warrior is moderately wounded.
The orc warrior completely misses you.
You hit the orc warrior but do no damage.
You headbutt the orc warrior, but do no damage.
The orc warrior is moderately wounded.
The orc warrior hits you with a +0 war axe!
* * * LOW HITPOINT WARNING * * *
You feel better.
The orc warrior hits you with a +0 war axe!
* * * LOW HITPOINT WARNING * * *
You closely miss the orc warrior.
You headbutt the orc warrior, but do no damage.
The orc warrior is moderately wounded.
You hit the orc warrior but do no damage.
The orc warrior is poisoned.
The orc warrior is moderately wounded.
The orc warrior hits you with a +0 war axe.
You die...
Xom guffaws!

####### ##.....##
#...∩...# #.@.....#
##.o∩..## ##)''##
#...# ####...####
##≈.......≈##
#####≈≈.......≈≈#####
#∩(((≈≈(......≈≈'.'∩#
#.###≈≈.......≈≈###(#


You could see an orc warrior.

Vanquished Creatures
  Menkaure (D:5)
  A steam dragon (Bailey)
  A naga (D:5)
  An orc warrior (Bailey)
  A sky beast (D:6)
  An ogre (D:4)
  A centaur (D:5)
  Blork the orc (D:5)
  2 bullfrogs
  Dowan (D:5)
  4 killer bees (D:7)
  A howler monkey (D:6)
  2 crimson imps (D:6)
  2 hounds
  2 orc priests
  Jessica (D:3)
  3 orc wizards
  Natasha (thrice) (D:4)
  3 worker ants
  A howler monkey zombie (D:6)
  8 adders
  A shadow imp (D:6)
  2 adder skeletons
  4 worms
  A dart slug (D:1)
  4 leopard geckos
  17 orcs
  A ball python (D:1)
  5 giant cockroaches
  8 goblins
  7 hobgoblins
  2 jackals (D:2)
  12 kobolds
  A quokka (D:5)
  9 bats
  4 frilled lizards
  A goblin (shapeshifter) (D:5)
  2 rats (D:2)
122 creatures vanquished.

Vanquished Creatures (collateral kills)
  An ogre (D:6)
  An orc (D:7)
  2 goblins (D:7)
4 creatures vanquished.

Vanquished Creatures (others)
  A scorpion (D:7)
  An orc (Bailey)
2 creatures vanquished.

Grand Total: 128 creatures vanquished

Notes
Turn   | Place    | Note
-------+----------+-------------------------------------------
     0 | D:1      | Lanoc the Minotaur Chaos Knight began the quest for the
                  | Orb.
     0 | D:1      | Reached XP level 1. HP: 19/19 MP: 0/0
    73 | D:1      | Reached XP level 2. HP: 26/27 MP: 1/1
    84 | D:1      | Reached skill level 4 in Long Blades
   174 | D:1      | XOM: silly message
   557 | D:2      | Reached XP level 3. HP: 25/33 MP: 2/2
   784 | D:2      | Found a snail-covered altar of Cheibriados.
   880 | D:2      | Reached XP level 4. HP: 33/40 MP: 3/3
   886 | D:2      | Found a sacrificial altar of Ru.
   966 | D:3      | Noticed Jessica
   982 | D:3      | XOM: harmless Necr miscast
   983 | D:3      | XOM: divination: magic mapping
   985 | D:3      | XOM: harmless Ice miscast
   990 | D:3      | XOM: potion effect (invisibility)
   992 | D:3      | Killed Jessica
   992 | D:3      | Reached skill level 5 in Long Blades
  1033 | D:3      | XOM: confusion
  1046 | D:3      | Reached XP level 5. HP: 10/47 MP: 4/4
  1215 | D:3      | XOM is BORED!
  1259 | D:3      | Found a basalt altar of Yredelemnul.
  1260 | D:3      | Found a hazy altar of Hepliaklqana.
  1557 | D:3      | XOM: harmless Erth miscast
  1641 | D:3      | XOM: harmless Hex miscast
  2167 | D:4      | XOM: 3-stop teleportation journey
  2192 | D:4      | XOM: medium Necr miscast
  2554 | D:4      | Found a hide-covered altar of Uskayaw.
  2554 | D:4      | Found an ancient bone altar of Kikubaaqudgha.
  2675 | D:4      | Noticed an ogre
  2683 | D:4      | Killed an ogre
  2683 | D:4      | Reached XP level 6. HP: 31/55 MP: 5/5
  2784 | D:4      | Reached skill level 5 in Fighting
  2784 | D:4      | Reached skill level 6 in Long Blades
  2793 | D:4      | Found a shadowy altar of Dithmenos.
  2823 | D:4      | XOM: noise
  2849 | D:4      | Found a staircase to the Ecumenical Temple.
  2960 | D:4      | Noticed Natasha
  2966 | D:4      | Killed Natasha
  3026 | D:4      | Noticed Natasha
  3032 | D:4      | Killed Natasha
  3079 | Temple   | Entered the Ecumenical Temple
  3310 | D:4      | Noticed Natasha
  3317 | D:4      | Killed Natasha
  3582 | D:5      | Entered Level 5 of the Dungeon
  3582 | D:5      | Noticed Dowan
  3583 | D:5      | Noticed Duvessa
  3590 | D:5      | Noticed Duvessa
  3590 | D:5      | Duvessa changed into Duvessa the ice beast
  3594 | D:5      | Noticed Duvessa
  3594 | D:5      | Duvessa the ice beast changed into Duvessa the golden eye
  3668 | D:5      | Noticed Duvessa
  3669 | D:5      | Noticed Blork the orc
  3670 | D:5      | Noticed Duvessa
  3670 | D:5      | Duvessa the mana viper changed into Duvessa the hippogriff
  3684 | D:5      | XOM: potion effect (might)
  3684 | D:5      | Noticed Duvessa
  3684 | D:5      | Duvessa the hippogriff changed into Duvessa the fire crab
  3689 | D:5      | XOM: summons friendly quasit
  3693 | D:5      | Killed Blork the orc
  3693 | D:5      | Noticed Duvessa
  3693 | D:5      | Duvessa the fire crab changed into Duvessa the moth of
                  | wrath
  3694 | D:5      | Noticed Duvessa
  3694 | D:5      | Duvessa the moth of wrath changed into Duvessa the snapping
                  | turtle
  3695 | D:5      | Noticed Duvessa
  3695 | D:5      | Duvessa the snapping turtle changed into Duvessa the shock
                  | serpent
  3703 | D:5      | Noticed Duvessa
  3705 | D:5      | Noticed Duvessa
  3705 | D:5      | Duvessa the faun changed into Duvessa the shining eye
  3706 | D:5      | Reached XP level 7. HP: 14/61 MP: 6/6
  3708 | D:5      | Noticed Duvessa
  3708 | D:5      | Duvessa the shining eye changed into Duvessa the hippogriff
  3710 | D:5      | Noticed Duvessa
  3710 | D:5      | Duvessa the hippogriff changed into Duvessa the black mamba
  3711 | D:5      | Noticed Duvessa
  3711 | D:5      | Duvessa the black mamba changed into Duvessa the queen bee
  3723 | D:5      | Noticed Duvessa
  3981 | D:5      | Found a radiant altar of Vehumet.
  4192 | D:5      | Killed Dowan
  4239 | D:5      | Noticed Menkaure
  4247 | D:5      | Reached skill level 7 in Long Blades
  4252 | D:5      | Killed Menkaure
  4252 | D:5      | Reached skill level 5 in Armour
  4252 | D:5      | XOM: cast spell 'Alistair's Intoxication'
  4372 | D:5      | XOM: scenery: create altars
  4862 | D:6      | XOM: summons friendly iron imp
  4867 | D:6      | Reached XP level 8. HP: 62/70 MP: 7/7
  4868 | D:6      | Reached skill level 8 in Long Blades
  4914 | D:6      | Found a shattered altar of Ashenzari.
  5028 | D:6      | XOM: give mutation
  5028 | D:6      | Gained mutation: You are partially covered in iridescent
                  | scales. (AC +2) [Xom's grace]
  5134 | D:6      | XOM: god gift: knobbly bone ring {god gift}
  5163 | D:6      | XOM: 1-stop teleportation journey
  5204 | D:6      | XOM: god gift: scroll labeled EMAROFOO VONGA {god gift}
  5415 | D:6      | XOM: god gift: 18 arrows
  5448 | D:7      | Found Vyuh's Assorted Antiques.
  5452 | D:7      | Found a sparkling altar of Nemelex Xobeh.
  5455 | D:7      | XOM: divine lightning
  5482 | D:7      | Reached skill level 5 in Dodging
  5494 | D:7      | XOM: smoke on damage
  5605 | D:7      | Found a flagged portal.
  5609 | D:7      | XOM: summons friendly shadow imp
  5620 | D:7      | XOM: summons friendly iron imp
  5621 | D:7      | Reached skill level 9 in Long Blades
  5770 | Bailey   | XOM: stealth player
  5770 | Bailey   | Entered a bailey
  5850 | Bailey   | Found an iron altar of Okawaru.
  5858 | Bailey   | Got a steaming scale mail
  5864 | Bailey   | XOM: polymorph orc warrior -> steam dragon
  5890 | Bailey   | Slain by an orc warrior

Vault maps used:
D:1:      lightli_arrival_boilingwater
D:2:      cheibriados_altar_1, marbit_many_paths
D:3:      chequers_temple_overflow_statue_of_worship, uniq_jessica
D:4:      gammafunk_temple_overflow_elements, temple_statues, first_ration,
          nicolae_dithmenos_through_a_glass_darkly, uniq_natasha
D:5:      vehumet_altar_wand_db, uniq_menkaure, uniq_blork_the_orc, uniq_duvessa
D:6:      basic_altar, chequers_serial_rivers_micro_a
D:7:      nemelex_xobeh_ov_fountains_minmay, serial_shops, shop, enter_bailey_3
Temple:   nicolae_temple_figure_eight
Bailey:   bailey_axe_3, bailey

Skill      XL: |  1  2  3  4  5  6  7  8 |
---------------+-------------------------+-----
Long Blades    | 4 5 6 7 9 |  9.4
Fighting       | 4 5 6 7 |  7.1
Armour         | 3 4 5 6 |  6.5
Dodging        | 2 3 4 5 |  5.6

Action                   |  1- 3 |  4- 6 |  7- 9 || total
-------------------------+-------+-------+-------++-------
Melee: Falchion          |    69 |   118 |   150 ||   337
       Headbutt          |     8 |    19 |    28 ||    55
 Abil: Evoke Flight      |       |       |     1 ||     1
  Use: Scroll            |       |       |    18 ||    18
       Potion            |       |       |     9 ||     9
 Stab: Invisible         |       |     1 |       ||     1
  Eat: Chunk             |       |     5 |     7 ||    12
       Ration            |       |     1 |       ||     1
Armor: Leather armour    |    25 |    23 |    46 ||    94
Dodge: Dodged            |    59 |    71 |   114 ||   244
       Rpst.: Falchion   |    15 |    23 |    29 ||    67

Table legend:
 A = Non-vault XP
 B = Vault XP
 C = Vault XP percentage of total XP
 D = Non-vault monster count
 E = Vault monster count
 F = Vault count percentage of total count
                 A         B        C        D         E       F
            +---------+---------+-------+---------+---------+-------
      Total |    1913 |     655 |  25.5 |     101 |      26 |  20.5
            +---------+---------+-------+---------+---------+-------
        D:1 |      34 |       0 |   0.0 |      17 |       0 |   0.0
        D:2 |      76 |       1 |   1.3 |      18 |       1 |   5.3
        D:3 |     115 |      37 |  24.3 |      18 |       1 |   5.3
        D:4 |     322 |      35 |   9.8 |      13 |       1 |   7.1
        D:5 |     282 |     346 |  55.1 |       9 |       5 |  35.7
        D:6 |     577 |       0 |   0.0 |      12 |       0 |   0.0
        D:7 |     507 |       7 |   1.4 |      14 |       4 |  22.2
     Bailey |       0 |     229 | 100.0 |       0 |      14 | 100.0
            +---------+---------+-------+---------+---------+-------
